 Dungeon Crawl Stone Soup version 0.20.0-15-g7f486f2 (webtiles) character file.

377 Chiseanne the Magician (level 7, -1/48 HPs)
             Began as a Formicid Wizard on June 9, 2017.
             Slain by a crimson imp (3 damage)
             ... summoned by Eustachio
             ... on level 4 of the Dungeon.
             The game lasted 00:14:47 (5884 turns).

Chiseanne the Magician (Formicid Wizard)            Turns: 5884, Time: 00:14:47

Health: -1/48      AC:  2    Str: 12    XL:     7   Next: 4%
Magic:  2/14       EV: 12    Int: 24    God:
Gold:   147        SH:  0    Dex:  9    Spells: 8/15 levels left

rFire    . . .     SeeInvis +   a - +1 hand axe
rCold    . . .     Gourm    .   (no shield)
rNeg     . . .     Faith    .   f - +0 robe
rPois    .         Spirit   .   (helmet unavailable)
rElec    .         Reflect  .   (no cloak)
rCorr    .         Harm     .   (no gloves)
MR       .....                  (no boots)
Stlth    ++........             m - amulet of magic regeneration
Regen    0.2/turn               o - ring of wizardry
MPRegen  0.3/turn               (no ring)

@: brilliant
A: permanent stasis, dig shafts and tunnels, four strong arms, antennae 3
a: Dig, Shaft Self


You were on level 4 of the Dungeon.
You were not hungry.

You visited 1 branch of the dungeon, and saw 4 of its levels.

You collected 147 gold pieces.

Inventory:

Hand Weapons
 a - a +1 hand axe (weapon)
Missiles
 g - 107 stones (quivered)
 i - 16 bolts
 l - 88 sling bullets
 n - 48 arrows
 w - 8 tomahawks
Armour
 f - a +0 robe (worn)
 q - a +0 ring mail
 u - a +0 shield
 v - a +0 scale mail
Jewellery
 b - a cursed amulet of inaccuracy {unknown}
 m - an amulet of magic regeneration (around neck)
 o - a ring of wizardry (left hand)
Scrolls
 d - a scroll of magic mapping
 h - 4 scrolls of remove curse
 r - a scroll of immolation
Potions
 e - 2 potions of lignification
 k - 3 potions of curing
Comestibles
 c - 2 bread rations
 j - a royal jelly
 s - a meat ration
 t - 2 chunks of flesh


   Skills:
 - Level 1.0 Fighting
 - Level 2.2 Dodging
 - Level 2.4 Stealth
 * Level 4.9 Spellcasting
 * Level 2.9 Conjurations
   Level 1.0 Summonings
   Level 0.8 Translocations
 * Level 2.6 Fire Magic
 * Level 2.0 Air Magic


You had 8 spell levels left.
You knew the following spells:

 Your Spells              Type           Power        Failure   Level  Hunger
a - Magic Dart            Conj           ####         1%          1    None
b - Conjure Flame         Conj/Fire      ####....     1%          3    ##.....
c - Mephitic Cloud        Conj/Pois/Air  ####....     1%          3    ##.....


Dungeon Overview and Level Annotations

Branches:
Dungeon (4/15)
 Temple: D:4-7

Altars:
Uskayaw
Xom

Annotations:
D:4 Eustachio


Innate Abilities, Weirdness & Mutations

You cannot be hasted, slowed, berserked, paralysed or teleported.
You can dig through walls and to a lower floor.
Your four strong arms can wield two-handed weapons with a shield.
You have a pair of large antennae on your head. (SInv)


Message History

Eustachio hits you with a war axe.
You hit Eustachio.
Eustachio is severely wounded.
You miss the quasit. You hit the quokka.
You kill the quokka!
The quokka's corpse disappears in a puff of smoke!
You completely miss the river rat. The quasit barely misses you.
The quasit claws you. The quasit barely misses you.
The ufetubus barely misses you. The ufetubus hits you.
Eustachio closely misses you. The river rat bites you!
The quasit barely misses you.
The quasit claws you but does no damage.
The quasit closely misses you. The crimson imp barely misses you.
The river rat bites you!
* * * LOW HITPOINT WARNING * * *
The crimson imp grinds its teeth.
The crimson imp hits you.
* * * LOW HITPOINT WARNING * * *
The crimson imp hits you.
You die...

...........'..#..........
...........#..#..........
...........####..........
#######'##....###########
#........#....# ...
#.>......#....#....
#........#....'....
##...###'#@...###
#...##<@5r5.##
.......#...5..#
.........#......#
..........+......'..[
######'####......####
..........#+##..
..........+.....
........<.......
...........#.#.#


You could see Eustachio, a quasit, a crimson imp, a river rat and an ufetubus.

Vanquished Creatures
  A centaur (D:3)
  3 orc wizards
  A worker ant (D:4)
  8 adders
  3 oozes (D:1)
  3 worms
  3 dart slugs
  6 leopard geckos
  3 orcs (D:3)
  A giant cockroach (D:3)
  5 goblins
  15 hobgoblins
  10 kobolds
  2 quokkas
  11 bats
  4 frilled lizards
  11 rats
90 creatures vanquished.

Vanquished Creatures (others)
  5 dream sheep (D:3)
5 creatures vanquished.

Grand Total: 95 creatures vanquished

Notes
Turn   | Place    | Note
-------+----------+-------------------------------------------
     0 | D:1      | Chiseanne the Formicid Wizard began the quest for the Orb.
     0 | D:1      | Reached XP level 1. HP: 13/13 MP: 4/4
   460 | D:1      | Reached XP level 2. HP: 20/20 MP: 1/6
   813 | D:1      | Reached skill level 1 in Fighting
  1013 | D:1      | Reached XP level 3. HP: 26/26 MP: 4/8
  1374 | D:1      | Reached skill level 1 in Conjurations
  1377 | D:1      | You fall through a shaft!
  1690 | D:1      | Reached skill level 4 in Spellcasting
  1743 | D:1      | Learned a level 3 spell: Conjure Flame
  1756 | D:1      | Learned a level 3 spell: Mephitic Cloud
  1965 | D:1      | Reached XP level 4. HP: 24/32 MP: 0/10
  2412 | D:2      | Reached skill level 1 in Fire Magic
  2661 | D:2      | Reached XP level 5. HP: 15/37 MP: 5/11
  3018 | D:2      | Noticed a hand axe
  3020 | D:2      | Noticed a dagger
  3030 | D:2      | Found a hide-covered altar of Uskayaw.
  3781 | D:3      | Reached skill level 1 in Air Magic
  4025 | D:3      | Noticed a dream sheep
  4025 | D:3      | Noticed a dream sheep
  4025 | D:3      | Noticed a dream sheep
  4025 | D:3      | Noticed a dream sheep
  4025 | D:3      | Noticed a dream sheep
  4025 | D:3      | Found a shimmering altar of Xom.
  4030 | D:3      | Killed a dream sheep
  4030 | D:3      | Killed a dream sheep
  4031 | D:3      | Killed a dream sheep
  4032 | D:3      | Killed a dream sheep
  4032 | D:3      | Killed a dream sheep
  4504 | D:4      | Noticed Eustachio
  4644 | D:3      | Noticed a centaur
  4699 | D:3      | Killed a centaur
  4699 | D:3      | Reached XP level 6. HP: 11/43 MP: 0/13
  5689 | D:4      | Reached XP level 7. HP: 38/48 MP: 5/14
  5883 | D:4      | HP: 2/48 [crimson imp[Eustachio] (3)]
  5884 | D:4      | Slain by a crimson imp

Skill      XL: |  1  2  3  4  5  6 |
---------------+-------------------+-----
Dodging        | 2 |  2.2
Fighting       | 1 |  1.0
Conjurations   | 1 2 |  2.9
Spellcasting   | 4 |  4.9
Fire Magic     | 1 2 |  2.6
Air Magic      | 1 2 |  2.0
Stealth        | |  2.4
Summonings     | |  1.0
Translocations | |  0.8

Action                   |  1- 3 |  4- 6 |  7- 9 || total
-------------------------+-------+-------+-------++-------
Melee: Club              |     9 |       |       ||     9
       Hand axe          |     8 |    31 |     4 ||    43
 Cast: Magic Dart        |    89 |   228 |    13 ||   330
       Mephitic Cloud    |       |     7 |     2 ||     9
 Abil: Dig               |     6 |     5 |       ||    11
       Shaft Self        |     1 |       |       ||     1
  Use: Scroll            |       |     9 |       ||     9
       Potion            |       |       |     1 ||     1
  Eat: Chunk             |     6 |    12 |     1 ||    19
Armor: Robe              |    13 |     5 |     1 ||    19
Dodge: Dodged            |    31 |    69 |     9 ||   109
